 Dungeon Crawl Stone Soup version 0.29-a0-284-gf9362112df (webtiles) character file.

Game seed: 12054526063425477131

357 sammy202020 the Ruffian (level 6, 0/61 HPs)
             Began as a Troll Fighter on Mar 20, 2022.
             Slain by a killer bee (2 damage)
             ... on level 4 of the Dungeon.
             The game lasted 00:03:48 (2276 turns).

sammy202020 the Ruffian (Troll Fighter)             Turns: 2276, Time: 00:03:49

Health: 0/61       AC:  5    Str: 25    XL:     6   Next: 37%
Magic:  5/5        EV:  9    Int:  3    God:
Gold:   198        SH:  7    Dex:  9    Spells: 5/5 levels left

rFire   + + .      SeeInvis .     - Unarmed
rCold   . . .      Faith    .   b - +0 kite shield
rNeg    . . .      Spirit   .   k - +1 robe of Vehumet, Blushing {rElec rF++ rCorr Int-3}
rPois   .          Reflect  .   (helmet restricted)
rElec   +          Harm     .   (no cloak)
rCorr   +          Rampage  .   (gloves unavailable)
Will    +....                   (boots unavailable)
Stlth   +.........              (no amulet)
HPRegen 1.00/turn               f - ring of willpower
MPRegen 0.09/turn               (no ring)

@: mighty, lethally poisoned (0 -> 0)
A: large, unfitting armour, claws 3, regeneration 1, shaggy fur 1, tough skin 1
a: no special abilities


You were on level 4 of the Dungeon.
You visited 1 branch of the dungeon, and saw 4 of its levels.

You collected 198 gold pieces.

Inventory:

Hand Weapons
 e - a +0 mace
Armour
 a - a +0 robe
 b - a +0 kite shield (worn)
 k - the +1 robe of Vehumet, Blushing (worn) {rElec rF++ rCorr Int-3}
   (You found it on level 2 of the Dungeon)

   Int:       It affects your intelligence (-3).
   rF:        It greatly protects you from fire.
   rElec:     It insulates you from electricity.
   rCorr:     It protects you from acid and corrosion.
Jewellery
 f - a ring of willpower (left claw)
Scrolls
 g - 2 scrolls of immolation
 h - 2 scrolls of enchant weapon {unknown}
 m - a scroll of vulnerability {unknown}
 p - 2 scrolls of identify {unknown}
Potions
 d - 2 potions of cancellation {unknown}
 i - a potion of brilliance {unknown}
 j - 2 potions of degeneration {unknown}
 l - 2 potions of mutation {unknown}
 n - 2 potions of attraction {unknown}
 o - a potion of lignification {unknown}
 q - a potion of curing {unknown}


   Skills:
 * Level 3.6 Fighting
 * Level 3.6 Dodging
 * Level 3.5 Shields
 * Level 3.8 Unarmed Combat


You had 5 spell levels left.
You didn't know any spells.
Your spell library contained the following spells:

 Spells                   Type           Power      Damage    Failure   Level
 Summon Guardian Golem    Hex/Summ       0%         N/A       99%         3
 Orb of Destruction       Conj           0%         9d5       100%        7
 Spellforged Servitor     Conj/Summ      0%         N/A       100%        7


Dungeon Overview and Level Annotations

Branches:
Dungeon (4/15)             Temple (0/1) D:4

Altars:
Ashenzari
Cheibriados
Vehumet

Shops:
D:2 !


Innate Abilities, Weirdness & Mutations

You are too large for most types of armour.
You have claws for hands.
Your natural rate of healing is unusually fast.
You are covered in fur. (AC +1)
You have tough skin. (AC +1)


Message History

The killer bee is severely wounded.
You feel sick. You block the killer bee's attack. x2
The howler monkey hits you! You block the killer bee's attack.
The killer bee stings you.
The killer bee stings you but does no damage. x2
The goblin shoots a sling bullet.
The sling bullet hits you but does no damage.
Sorry, you're not good enough to have a special ability.
You feel very mighty all of a sudden.
You feel sick. The killer bee stings you.
The killer bee stings you but does no damage.
The killer bee closely misses you. The killer bee completely misses you.
The howler monkey hits you.
* * * LOW HITPOINT WARNING * * *
The killer bee closely misses you. The killer bee stings you.
* * * LOW HITPOINT WARNING * * *
The killer bee stings you but does no damage.
The killer bee closely misses you. The howler monkey barely misses you.
The goblin shoots a sling bullet.
The sling bullet barely misses you.
The sling bullet hits the howler monkey but does no damage.
You claw the howler monkey!
The howler monkey is heavily wounded.
You feel sick.
The killer bee stings you but does no damage.
The killer bee barely misses you. The killer bee stings you.
* * * LOW HITPOINT WARNING * * *
You block the killer bee's attack.
The killer bee stings you but does no damage. x3
The killer bee stings you.
* * * LOW HITPOINT WARNING * * *
You block the howler monkey's attack.
The goblin shoots a sling bullet.
The sling bullet hits you.
* * * LOW HITPOINT WARNING * * *
You mangle the howler monkey!!
You kill the howler monkey!
You feel sick. You block the killer bee's attack. x3
The killer bee closely misses you. The killer bee stings you.
* * * LOW HITPOINT WARNING * * *
The killer bee stings you.
You die...

(... .......
.......
.......####
..........#
...g..##<######
..............#
##.#.#.#.#.#...
#..y@y.......
#..#yy.....#...
#..............
#..#=..>...#.##
..............#
###..#...!...#..
#......$...... .
#.#.#.#.#.


You could see 4 killer bees and a goblin.

Vanquished Creatures
  Sigmund (D:3)
  A black bear (D:3)
  A howler monkey (D:4)
  4 adders
  A worm (D:3)
  A dart slug (D:1)
  An orc (D:3)
  10 endoplasms
  2 giant cockroaches
  3 hobgoblins (D:3)
  4 jackals (D:2)
  4 quokkas
  3 ball pythons
  2 bats
  4 frilled lizards (D:1)
  3 goblins
  5 kobolds
  4 rats
54 creatures vanquished.

Notes
Turn   | Place    | Note
-------+----------+-------------------------------------------
     0 | D:1      | sammy202020 the Troll Fighter began the quest for the Orb.
     0 | D:1      | Reached XP level 1. HP: 22/22 MP: 0/0
    86 | D:1      | Reached XP level 2. HP: 29/29 MP: 1/1
   643 | D:2      | Identified the +1 robe of Vehumet, Blushing {rElec rF++
                  | rCorr Int-3}
   666 | D:2      | Found a faded altar of an unknown god.
   695 | D:2      | Reached XP level 3. HP: 36/36 MP: 2/2
   752 | D:2      | Found Xagarocw's Distillery.
  1038 | D:2      | Found a radiant altar of Vehumet.
  1402 | D:3      | Noticed Sigmund
  1416 | D:3      | Killed Sigmund
  1417 | D:3      | Reached XP level 4. HP: 34/45 MP: 3/3
  1417 | D:3      | Reached XP level 5. HP: 41/53 MP: 4/4
  1445 | D:3      | Found a broken altar of Ashenzari.
  1612 | D:3      | Found a snail-covered altar of Cheibriados.
  1701 | D:3      | Noticed a black bear
  1722 | D:3      | Killed a black bear
  1723 | D:3      | Reached XP level 6. HP: 40/61 MP: 5/5
  2267 | D:4      | Found a staircase to the Ecumenical Temple.
  2275 | D:4      | HP: 3/61 [goblin/sling bullet (2)]
  2276 | D:4      | Slain by a killer bee

Illustrated notes

Levels and vault maps discovered:
D:1:      dpeg_arrival_leaves_temple_mockup, layout_rooms,
          amcnicky_mini_pool_small, wander_ebering_terrifying_dragon_lair
D:2:      layout_basic, hellmonk_ecumenical_altar_blasted, basic_altar,
          serial_shops, nicolae_shop_trees
D:3:      layout_loops_ring, slow_altar_1, mainiacjoe_overflow_brackets,
          kennysheep_cluttered_room, uniq_sigmund
D:4:      layout_rooms, minmay_temple_entry_glass, minmay_box_of_dots,
          uniq_menkaure

Skill      XL: |  1  2  3 |
---------------+----------+-----
Fighting       | 3 |  3.6
Dodging        | 3 |  3.6
Shields        | 3 |  3.5
Unarmed Combat | 3 |  3.8

Action                   |  1- 3 |  4- 6 || total
-------------------------+-------+-------++-------
Melee: Unarmed           |    95 |    67 ||   162
  Use: Potion            |       |     1 ||     1
Armor: Robe              |    32 |    41 ||    73
Dodge: Dodged            |    29 |    53 ||    82
Block: Kite shield       |    34 |    34 ||    68

Table legend: (Time is in decaauts)
 A = Elapsed time spent in this place.
 B = Non-inter-level travel time spent in this place.
 C = Inter-level travel time spent in this place.
 D = Time resting spent in this place.
 E = Time spent auto-exploring this place.
 F = Levels seen in this place.
 G = Mean time per level.
                   A        B        C        D        E       F      G
               +--------+--------+--------+--------+--------+-----+--------+
         Total |   2287 |   2151 |    136 |      0 |   1663 |   4 |  571.8 |
       Dungeon |   2287 |   2151 |    136 |      0 |   1663 |   4 |  571.8 |
               +--------+--------+--------+--------+--------+-----+--------+

Top non-repeatable levels by time:
     D:3: 878 daAuts
     D:2: 834 daAuts
     D:1: 563 daAuts
     D:4: 10 daAuts
